AoeStats
← EN_Tsai

Arabia

509663923Analyzed
2v2 RM · 4d ago on Sep 27, 2026· 38m 21s· 4 players
Game mode
Random Map
Map size
Medium (4 player)
Population
200
Speed
Normal
Resources
Standard
Victory
Conquest
Starting age
Dark Age
Ending age
Imperial Age
RankedLock teamsTeams togetherTeam positionsShared explorationLock speedFull tech treeHidden civsTurbo modeCheats
Victory
Defeat
🇲🇿 Vikings · Mozambique
1209
+16
🇹🇷 Danes · Türkiye
1160
+18
🇹🇼 Varangians · Taiwan
1198
-17
🇹🇼 Bohemians · Taiwan
1197
-17
Enes Baskal
7:07 Loom
10:48 Feudal Age
11:27 Man-at-Arms
17:25 Forging
22:17 Castle Age
20:28 Scale Mail Armor
20:22 Arson
23:22 Gold Mining
23:46 Squires
27:56 Iron Casting
28:16 Town Watch
28:51 Chain Mail Armor
28:31 Horse Collar
28:40 Double-Bit Axe
yenese
7:16 Loom
10:27 Feudal Age
10:33 Man-at-Arms
13:50 Double-Bit Axe
21:54 Castle Age
24:46 Town Watch
25:17 Squires
25:18 Scale Mail Armor
25:28 Forging
25:19 Pikeman
29:09 Fletching
34:07 Arson
EN_Tsai
9:57 Feudal Age
15:03 Castle Age
17:51 Loom
27:59 Double-Bit Axe
White_Tsai
8:44 Feudal Age
7:52 Loom
12:42 Bloodlines
19:05 Wheelbarrow
23:36 Castle Age
21:46 Scale Barding Armor
21:52 Forging
24:14 Light Cavalry
25:00 Husbandry
25:31 Chain Barding Armor
25:21 Forging
29:07 Iron Casting
28:23 Fletching
34:11 Double-Bit Axe
34:23 Gold Mining
34:16 Horse Collar
Connection lost

Rejoining the realm…

Still unreachable

The connection could not be restored.

Session expired

The server has moved on; the page needs a fresh start.